Map: Emerald City LE

Players

BIGGIE

  • Race: Terran Terran
  • Spawn Location: 5:00

MaterLord

  • Race: Terran Terran
  • League: Platinum
  • Spawn Location: 5:00

OpuS - Winner!

  • Race: Protoss Protoss
  • League: Platinum
  • Spawn Location: 11:00

Sketchaphone - Winner!

  • Race: Zerg Zerg
  • League: Gold
  • Spawn Location: 11:00

VOD

Have the link to the VOD?

Description

Time

  • Played on: Jan. 24, 2019, 8:27 p.m.
  • Length: 20:04
Show
View Real Time Build Order
Export as new Build Order

BIGGIE Terran 

Build Orders: Command Center First (CC) 

Get SALT Encoding   

  12  0:09  SCV  
  13  0:17  Supply Depot  
  13  0:22  Refinery  
  13  0:24  SCV  
  14  0:36  SCV  
  15  0:48  SCV  
  16  1:12  Command Center  
  16  1:15  SCV  
  17  1:31  SCV  
  17  1:32  Engineering Bay  
  18  1:43  SCV  
  19  1:55  SCV  
  20  2:04  Barracks  
  20  2:07  SCV  
  21  2:09  Terran Infantry Armor Level 1  
  21  2:46  Refinery  
  21  2:55  Supply Depot  
  21  2:57  Orbital Command  
  21  2:59  Factory  
  21  3:07  Factory  
  21  3:12  Orbital Command  
  21  3:15  Barracks Tech Lab  
  21  3:20  Refinery  
  21  3:24  Refinery  
  21  3:43  SCV  
  22  3:52  Factory Tech Lab, Armory  
  22  3:53  Factory Tech Lab  
  22  3:55  SCV  
  23  3:58  Supply Depot  
  23  4:07  Barracks Reactor  
  23  4:15  Bunker  
  23  4:19  Missile Turret  
  23  4:22  SCV  
  24  4:27  SCV  
  25  4:55  Smart Servos  
  25  5:02  Thor  
  25  5:03  Thor  
  37  5:07  Terran Vehicle And Ship Armor Level 1  
  37  5:12  SCV  
  38  5:24  SCV  
  39  5:31  Starport  
  17  6:12  Thor x2  
  6  7:10  SCV  
  7  7:34  SCV  
  8  7:58  Widow Mine x2  
  12  8:00  Medivac  
  14  8:13  Terran Vehicle Weapons Level 1  
  14  8:19  Widow Mine x2  
  22  8:41  Widow Mine x2  
  22  8:46  SCV  
  25  9:02  Widow Mine  
  12  10:08  Widow Mine x2  
  16  10:29  Widow Mine x2  
  20  11:22  SCV  
  21  11:34  SCV  
  22  11:46  SCV  
  17  12:44  Hellion x2  
  21  12:45  SCV  
  22  13:05  Hellion x2  
  24  13:26  Hellion x2  
  16  13:48  Hellion x2  
  20  14:09  Hellion  
  14  14:31  Hellion x2  
  10  15:19  Hellion x2  
  14  15:27  SCV  
  13  15:39  SCV  
  13  15:40  Hellion x2  
  18  15:57  Liberator  
  18  16:01  Hellion  
  18  16:02  Hellion  
  20  16:15  SCV  
  24  16:23  Hellion, Widow Mine  
  28  17:14  Liberator  
  14  17:33  Factory Reactor x2  
  14  17:34  SCV  
  18  17:46  SCV  
  19  17:59  SCV  
  20  18:11  SCV  
  18  18:30  Hellion  
  18  18:31  Hellion x3  
  24  18:43  Viking  
  26  18:52  Hellion x2  
  30  19:19  Hellion x2  
  27  19:38  Hellion  
Show
View Real Time Build Order
Export as new Build Order

MaterLord Terran 

Build Orders:  

Get SALT Encoding   

  12  0:01  SCV  
  13  0:13  SCV  
  14  0:17  Supply Depot  
  14  0:31  Supply Depot  
  14  0:34  SCV  
  15  0:43  Refinery  
  15  0:53  SCV  
  15  0:54  Barracks  
  16  1:03  Refinery  
  16  1:05  SCV  
  17  1:17  SCV  
  18  1:22  Barracks  
  18  1:29  SCV  
  18  1:31  Supply Depot  
  19  1:41  SCV  
  20  1:49  Reaper  
  21  2:10  Reaper  
  21  2:14  SCV  
  23  2:26  SCV  
  24  2:39  Barracks Reactor  
  24  2:42  Barracks Tech Lab  
  24  2:43  Orbital Command  
  24  2:48  Factory  
  24  2:51  Engineering Bay  
  24  3:10  Combat Shield  
  24  3:13  Command Center  
  24  3:16  Marine x2  
  26  3:41  Factory Reactor  
  26  3:44  Starport  
  26  3:47  Supply Depot  
  26  3:51  Missile Turret  
  25  4:13  Marine x2  
  25  4:16  Marine  
  28  4:31  Marine x2  
  28  4:33  Marine  
  30  4:44  Planetary Fortress  
  29  4:48  Marine  
  29  4:50  Missile Turret  
  29  4:51  SCV  
  31  4:56  Marine  
  32  5:03  SCV  
  32  5:06  Marine  
  34  5:08  Medivac x2  
  38  5:15  SCV  
  38  5:21  SCV  
  40  5:28  Supply Depot  
  40  5:33  SCV  
  41  5:36  Supply Depot  
  41  5:37  Marine x2  
  42  5:45  SCV  
  41  5:55  Marine x2  
  42  6:00  SCV  
  43  6:09  Stimpack  
  41  6:13  SCV  
  41  6:15  Marine x2  
  42  6:25  SCV  
  41  6:30  Marine  
  39  6:33  Marine x2  
  39  6:38  Factory Tech Lab  
  40  6:47  Marine  
  40  6:51  Marine x2  
  43  7:05  Marine  
  44  7:09  Marine x2  
  46  7:23  Marine  
  46  7:25  Barracks  
  46  7:26  Barracks, Marine x2  
  46  7:27  Barracks, SCV  
  46  7:28  SCV  
  51  7:39  SCV  
  51  7:40  SCV  
  51  7:41  Marine, Supply Depot  
  54  7:44  Marine  
  54  7:51  Siege Tank, SCV  
  59  7:52  SCV  
  60  8:02  Missile Turret  
  60  8:03  Marine x2, SCV  
  60  8:04  SCV  
  64  8:05  Marine  
  64  8:10  Medivac  
  67  8:15  SCV  
  67  8:16  SCV  
  69  8:21  Marine x2  
  69  8:23  Barracks Reactor x3, Marine, Siege Tank  
  75  8:28  Medivac  
  77  8:39  Marine  
  77  8:40  Supply Depot  
  78  8:41  Refinery  
  78  8:44  Refinery  
  78  8:54  Supply Depot  
  78  9:02  Marine x8, Supply Depot  
  86  9:19  Marine x5  
  86  9:20  Marine  
  91  9:24  Supply Depot  
  91  9:37  Marine x5  
  91  9:38  Marine  
  97  9:40  Medivac x2  
  97  9:44  Terran Infantry Weapons Level 1  
  101  9:46  Siege Tank  
  101  9:48  Engineering Bay  
  101  9:50  Armory  
  98  9:55  Marine  
  73  10:12  Marine x4  
  73  10:13  Marine x2  
  45  10:30  Marine x5  
  45  10:31  Marine  
  51  10:36  Terran Infantry Armor Level 1  
  51  10:43  SCV  
  51  10:47  SCV  
  51  10:48  Marine  
  54  10:55  SCV  
  55  10:59  SCV  
  55  11:01  Supply Depot  
  56  11:07  SCV  
  56  11:09  Marine x5  
  56  11:10  Marine  
  63  11:11  SCV  
  64  11:19  SCV  
  65  11:27  Marine  
  66  11:37  Marine x5  
  71  11:45  Marine  
  72  11:55  Marine x5  
  52  12:13  Marine x6  
  58  12:20  SCV  
  58  12:22  Terran Infantry Weapons Level 2  
  59  12:26  SCV  
  60  12:30  Marine  
  60  12:31  Marine x4  
  60  12:32  SCV  
  66  12:38  SCV  
  67  12:44  SCV  
  67  12:47  Marine  
  67  12:48  Marine x2  
  67  12:49  Marine x2  
  73  12:56  Terran Infantry Armor Level 2, SCV  
  26  13:59  Marine x5  
  31  14:16  Marine  
  31  14:17  Marine x4  
  36  14:34  Marine x2  
  36  14:35  Marine x2  
  41  14:43  Barracks Reactor  
  40  14:52  Marine  
  41  15:08  Command Center  
  40  15:28  Marine x6  
  42  15:32  Starport Reactor  
  42  15:34  Terran Infantry Weapons Level 3  
  46  15:45  Marine  
  46  15:46  Marine x5  
  40  16:07  Marine x2  
  40  16:08  Marine x4  
  46  16:25  Medivac x2, Marine x3  
  50  16:26  Factory Tech Lab, Marine  
  50  16:27  Marine  
  50  16:28  Marine  
  56  16:43  Marine x4  
  56  16:45  Marine  
  61  16:51  Marine  
  62  17:01  Marine x3  
  45  17:51  Marine x5  
  30  17:52  Marine  
  36  18:09  Marine x6  
  42  18:16  Medivac  
  42  18:17  Medivac  
  46  18:26  Marine  
  46  18:27  Marine x5  
  46  18:33  Siege Tank  
  55  18:44  Marine  
  55  18:45  Marine  
  31  19:04  Marine  
  31  19:05  Marine  
Show
View Real Time Build Order
Export as new Build Order

OpuS Protoss - Winner!

Build Orders:  

Get SALT Encoding   

  12  0:01  Probe  
  13  0:13  Probe  
  14  0:25  Pylon  
  14  0:26  Probe  
  15  0:40  Probe  
  15  0:48  Probe  
  16  0:50  Gateway  
  17  0:58  Probe  
  17  0:59  Gateway  
  18  1:09  Probe  
  18  1:10  Assimilator  
  19  1:17  Probe  
  19  1:18  Pylon  
  20  1:25  Probe  
  21  1:36  Probe  
  22  1:40  Cybernetics Core  
  22  1:48  Probe  
  23  2:00  Probe  
  24  2:06  Warp Gate  
  24  2:11  Gateway  
  24  2:14  Gateway  
  24  2:19  Adept x2  
  28  2:23  Assimilator  
  27  2:52  Adept x2  
  31  3:04  Pylon  
  31  3:06  Pylon  
  31  3:07  Robotics Facility  
  31  3:10  Pylon  
  31  3:22  Stalker  
  33  3:36  Zealot x3  
  39  4:00  Immortal  
  43  4:12  Zealot x2  
  43  4:13  Zealot x2  
  43  4:16  Pylon  
  51  4:19  Pylon  
  51  4:36  Stalker  
  51  4:37  Stalker  
  55  4:39  Sentry  
  55  4:40  Sentry  
  59  5:07  Nexus  
  59  5:11  Pylon  
  59  5:19  Pylon  
  57  5:55  Probe  
  58  6:02  Zealot x3  
  58  6:03  Zealot  
  66  6:07  Probe  
  66  6:10  Twilight Council  
  65  6:19  Probe  
  62  6:31  Probe  
  59  6:42  Probe  
  59  6:43  Probe  
  61  6:50  Zealot x2, Charge  
  61  6:51  Zealot x2  
  61  6:54  Probe  
  70  6:55  Probe  
  65  7:01  Immortal  
  65  7:06  Probe  
  65  7:07  Probe  
  57  7:18  Probe  
  57  7:19  Probe  
  59  7:30  Probe  
  59  7:31  Stalker x2, Probe  
  59  7:34  Stalker  
  67  7:40  Stalker, Immortal  
  73  7:57  Assimilator  
  73  8:00  Pylon  
  73  8:01  Assimilator  
  73  8:04  Sentry x2  
  77  8:05  Sentry  
  77  8:08  Sentry  
  81  8:23  Observer  
  82  8:35  Gateway  
  82  8:37  Gateway  
  82  8:40  Gateway  
  82  8:42  Gateway  
  82  8:43  Zealot x2  
  82  8:44  Sentry  
  82  8:45  Sentry  
  90  9:16  Nexus  
  90  9:19  Robotics Bay  
  82  9:28  Stalker x2  
  78  9:47  Zealot  
  23  10:18  Probe x2  
  23  10:19  Zealot  
  23  10:20  Zealot  
  10  10:42  Stalker  
  11  10:46  Probe  
  12  11:04  Blink  
  11  11:23  Probe  
  12  12:09  Probe  
  12  12:34  Pylon  
  12  12:46  Probe x3  
  15  12:58  Probe x3  
  18  13:10  Probe  
  19  13:20  Probe  
  19  13:21  Probe  
  19  13:22  Probe  
  22  13:33  Probe x2  
  24  13:53  Probe x3  
  27  14:00  Immortal  
  31  14:05  Probe  
  31  14:07  Probe  
  34  14:10  Probe  
  34  14:29  Probe x2  
  34  14:30  Probe  
  37  14:41  Probe x2  
  37  14:42  Probe  
  37  14:53  Probe  
  37  14:54  Probe x2  
  39  15:05  Probe  
  39  15:06  Probe x2  
  42  15:18  Probe x3  
  45  15:23  Immortal  
  49  15:30  Probe x3  
  52  15:42  Probe x3  
  55  15:47  Pylon  
  55  16:00  Robotics Facility x2  
  55  16:04  Robotics Facility  
  54  16:07  Probe x3  
  57  16:19  Probe x3, Assimilator  
  57  16:22  Disruptor  
  57  16:23  Assimilator  
  63  16:31  Probe  
  64  16:37  Zealot x4  
  72  17:03  Nexus  
  72  17:39  Disruptor x3  
  72  17:40  Disruptor  
  84  17:52  Probe x2  
  84  17:53  Probe  
  87  18:02  Stalker  
  87  18:04  Stalker, Probe x2  
  87  18:05  Probe  
  92  18:15  Disruptor x2  
  98  18:31  Disruptor  
  101  18:41  Probe x4  
  105  18:53  Probe x2  
  107  19:08  Disruptor x3  
  116  19:22  Disruptor  
Show
View Real Time Build Order
Export as new Build Order

Sketchaphone Zerg - Winner!

Build Orders: Hatch First 

Get SALT Encoding   

  12  0:01  Drone  
  13  0:09  Drone  
  14  0:18  Overlord  
  14  0:21  Extractor  
  14  0:24  Drone  
  15  0:36  Drone  
  15  0:37  Drone  
  17  0:44  Drone  
  18  0:58  Hatchery  
  18  1:02  Extractor  
  18  1:03  Drone  
  17  1:22  Spawning Pool  
  17  1:23  Drone  
  17  1:25  Drone  
  18  1:30  Drone  
  19  1:38  Drone  
  20  1:52  Overlord  
  20  2:05  Drone  
  21  2:09  Metabolic Boost  
  21  2:21  Queen  
  21  2:22  Queen  
  25  2:30  Drone  
  25  2:31  Drone  
  25  2:34  Zergling x2  
  25  2:35  Zergling x2  
  29  2:40  Hatchery  
  28  2:50  Baneling Nest, Drone  
  28  2:52  Zergling x2  
  28  2:53  Drone  
  28  2:55  Zergling x2  
  31  3:07  Queen  
  31  3:11  Drone  
  34  3:13  Evolution Chamber  
  32  3:43  Drone x2  
  34  3:48  Zergling x2  
  34  3:50  Overlord x3  
  34  3:54  Zergling x2  
  34  3:55  Zergling x4  
  38  4:05  Zerg Melee Weapons Level 1  
  37  4:11  Queen  
  37  4:13  Zergling x6  
  37  4:15  Baneling  
  42  4:34  Zergling x2  
  42  4:35  Zergling x2, Drone  
  42  4:36  Zergling x14  
  52  4:43  Zergling x2  
  53  4:48  Zergling x6  
  56  4:58  Zergling x4  
  56  4:59  Overlord  
  58  5:00  Drone x2  
  60  5:17  Baneling x6  
  60  5:18  Zergling x8  
  64  5:22  Drone x4  
  55  6:03  Lair, Drone  
  55  6:04  Overlord, Zergling x4, Drone  
  51  6:05  Zergling x4  
  52  6:17  Drone x3  
  55  6:22  Drone x5  
  55  6:23  Evolution Chamber  
  55  6:24  Extractor  
  58  6:26  Overlord, Extractor  
  58  6:27  Drone, Extractor  
  57  6:45  Hatchery  
  56  6:58  Drone x3  
  59  7:05  Infestation Pit  
  59  7:06  Zerg Ground Armor Level 1  
  58  7:09  Zergling x2  
  58  7:10  Zergling x6  
  58  7:11  Zergling x2  
  63  7:18  Overlord x2  
  63  7:19  Centrifical Hooks  
  63  7:29  Zergling x10  
  68  7:31  Baneling x2  
  68  7:33  Baneling x3  
  68  7:37  Zergling x16  
  68  7:40  Overlord  
  68  7:42  Pneumatized Carapace  
  77  7:44  Drone  
  77  7:59  Overlord, Drone x2  
  77  8:02  Spire  
  77  8:05  Baneling x2  
  78  8:06  Baneling  
  78  8:27  Overlord  
  78  8:28  Drone  
  78  8:35  Zerg Melee Weapons Level 2  
  78  8:40  Hive  
  78  8:45  Baneling x5  
  78  8:57  Zergling x14  
  78  8:58  Zergling x4  
  87  9:14  Drone  
  87  9:16  Zergling x10  
  93  9:21  Baneling  
  93  9:22  Baneling x15  
  93  9:23  Zergling x4  
  95  9:34  Zergling x16  
  103  9:41  Hatchery  
  88  10:20  Zergling x32  
  100  10:21  Baneling  
  100  10:22  Baneling x17  
  100  10:24  Queen  
  101  10:29  Drone x3  
  102  11:12  Corruptor  
  102  11:13  Corruptor x6  
  115  11:24  Zergling x16  
  120  11:27  Baneling x8  
  120  11:39  Zergling x20  
  116  12:02  Zergling x4  
  116  12:04  Overlord x2  
  115  12:20  Spore Crawler  
  113  12:25  Queen x3  
  113  12:29  Zergling x22  
  127  12:34  Baneling x3  
  127  12:35  Baneling x5  
  127  12:40  Baneling x2  
  127  12:41  Baneling x7  
  127  12:49  Queen  
  127  12:50  Drone x2  
  131  12:58  Zergling x2  
  131  12:59  Zergling x2  
  131  13:04  Adrenal Glands  
  131  13:05  Zerg Melee Weapons Level 3  
  133  13:07  Drone  
  134  13:14  Overlord x2  
  96  13:49  Corruptor x7  
  96  13:51  Zergling x10  
  113  13:55  Zergling x4  
  113  14:00  Drone  
  113  14:01  Drone x3  
  119  14:10  Ultralisk Cavern  
  117  14:20  Queen x3  
  117  14:23  Drone x2  
  121  14:29  Zergling x10  
  124  14:34  Drone  
  124  14:35  Drone x2  
  126  14:43  Spore Crawler  
  125  14:46  Baneling  
  125  14:47  Baneling x2  
  125  14:49  Drone  
  125  14:50  Drone x6  
  132  15:09  Ultralisk x2  
  132  15:13  Overseer  
  144  15:19  Zergling x12  
  150  15:23  Extractor  
  150  15:24  Extractor  
  150  15:25  Drone x2  
  150  15:26  Overlord x2  
  150  15:45  Chitinous Plating  
  132  16:18  Drone x6  
  138  16:23  Greater Spire  
  138  16:25  Ultralisk x3, Corruptor  
  156  16:44  Drone  
  156  16:45  Overlord  
  157  16:54  Overlord x2  
  149  17:12  Overlord x2  
  149  17:14  Zergling x20  
  149  17:15  Zergling x2  
  137  17:49  Zergling x32  
  153  17:53  Queen x3  
  153  17:58  Drone x2  
  161  18:04  Zergling x4  
  163  18:07  Anabolic Synthesis  
  163  18:10  Baneling x12  
  163  18:11  Baneling x3  
  163  18:13  Zergling x2  
  163  18:15  Baneling x3  
  163  18:17  Drone  
  165  18:26  Overseer  
  162  18:57  Zergling x12  
  161  19:21  Zergling x12  
  160  19:39  Zergling x16  
  160  19:45  Overlord x2  
Tags
 
Add a new tag
Caveats
  • Supply blocks, unpowered buildings, or Contaminate may cause inaccurate times.
  • Supply counts are checked every 10 seconds.